 Dungeon Crawl Stone Soup version 0.16-a0-1714-g3438503 (console) character file.

193561 vogonpoet the Unseen (level 17, -7/124 HPs)
             Began as a Vampire Enchanter on Nov 5, 2014.
             Was the Champion of Kikubaaqudgha.
             Mangled by a vault warden
             ... wielding a +4 bardiche of venom
              (40 damage)
             ... on level 1 of the Vaults on Nov 6, 2014.
             The game lasted 04:24:23 (51715 turns).

vogonpoet the Unseen (Vampire Enchanter)           Turns: 51715, Time: 04:24:23

Health: -7/124     AC: 15    Str:  7    XL:     17   Next: 64%
Magic:  31/46      EV: 22    Int: 20    God:    Kikubaaqudgha [******]
Gold:   1883       SH:  5    Dex: 16    Spells: 12 memorised, 2 levels left

rFire  + + .     SeeInvis +     R - +9 quick blade (pain)
rCold  + . .     Clarity  .     b - +1 robe {rC+ rF+}
rNeg   + . .     SustAb   .     c - +0 buckler {rPois}
rPois  +         Gourm    .     F - +2 helmet {SInv}
rElec  .         Spirit   .     X - +2 cloak
rCorr  .         Warding  .     i - +2 pair of gloves {rF+}
rMut   .         Stasis   .     G - +0 pair of boots
MR     ++...                    (no amulet)
Stlth  +++++++...               S - +7 ring of slaying
                                D - ring of magical power

@: very slightly contaminated, repel missiles, very resistant to hostile
enchantments, extremely stealthy
A: bottle blood, fangs 3, yellow scales 1, see invisible, magic resistance 1,
unbreathing
a: Bat Form, Bottle Blood, Receive Corpses, Torment, Renounce Religion
}: 1/15 runes: decaying


You were on level 1 of the Vaults.
You worshipped Kikubaaqudgha.
Kikubaaqudgha was exalted by your worship.
You were not thirsty.

You visited 6 branches of the dungeon, and saw 34 of its levels.
You also visited: Labyrinth, Sewer, Ossuary and Volcano.

You collected 3033 gold pieces.
You spent 1150 gold pieces at shops.

Inventory:

Hand weapons
 B - a +0 blowgun
 R - a +9 quick blade of pain (weapon)
Missiles
 r - 11 curare-tipped needles
Armour
 b - a +1 robe of resistance (worn)
 c - a +0 buckler of poison resistance (worn)
 i - a +2 pair of gloves of fire resistance (worn)
 C - a +4 ring mail of fire resistance
 F - a +2 helmet of see invisible (worn)
 G - a +0 pair of boots (worn)
 X - a +2 cloak (worn)
Jewellery
 g - an uncursed ring of fire
 v - an uncursed ring of protection from cold
 y - an uncursed ring of ice
 D - a ring of magical power (left hand)
 Q - an uncursed ring of teleport control
 S - a +7 ring of slaying (right hand)
 U - an uncursed ring of wizardry
Magical devices
 j - a wand of digging (12)
 o - a wand of paralysis (8)
 w - a wand of disintegration (18)
 H - a wand of teleportation (7)
 N - a wand of fireball (3)
 O - a wand of fire (8)
Scrolls
 d - a scroll of enchant weapon
 f - a scroll of fog
 k - a scroll of magic mapping
 p - 2 scrolls of blinking
 q - 2 scrolls of fear
 x - 2 scrolls of identify
 J - 6 scrolls of remove curse
 W - 6 scrolls of teleportation
Potions
 a - 12 potions of blood
 e - 5 potions of heal wounds
 l - 7 potions of might
 m - 2 potions of agility
 n - 2 potions of cancellation
 s - a potion of invisibility
 t - 11 potions of curing
 u - a potion of magic
 K - 5 potions of brilliance
 L - 3 potions of haste
 Z - 7 potions of resistance
Books
 h - Kikubaaqudgha's Handbook of Darkness
   (Kikubaaqudgha gifted it to you on level 8 of the Dungeon)

   Spells                             Type                      Level
   *Animate Dead                      Necromancy                   4
   *Agony                             Necromancy                   5
   Dispel Undead                      Necromancy                   5
   Twisted Resurrection               Necromancy                   5
   Simulacrum                         Ice/Necromancy               6
 I - a book of Wizardry

   Spells                             Type                      Level
   *Agony                             Necromancy                   5
   Force Lance                        Conjuration                  5
   Dispersal                          Translocation                6
   *Haste                             Charms                       6
   *Invisibility                      Hexes                        6
   Spellforged Servitor               Conjuration/Summoning        7
Miscellaneous
 P - a sack of spiders
 Y - a disc of storms


   Skills:
 - Level 8.8 Fighting
 - Level 10.0 Short Blades
 - Level 14.1 Dodging
 - Level 15.0 Stealth
 - Level 3.4 Shields
 - Level 14.5 Spellcasting
 - Level 13.0 Hexes
 + Level 6.6 Charms
 - Level 13.7 Necromancy
 - Level 2.2 Translocations
 - Level 9.3 Ice Magic
 - Level 3.0 Air Magic


You had 2 spell levels left.
You knew the following spells:

 Your Spells              Type           Power        Failure   Level  Hunger
a - Ozocubu's Armour      Chrm/Ice       #####...     1%          3    None
b - Ensorcelled Hibernat  Hex/Ice        ######       1%          2    None
c - Confuse               Hex            ######..     1%          3    None
d - Dazzling Spray        Conj/Hex       #####...     1%          3    None
e - Enslavement           Hex            ######..     1%          4    None
f - Flight                Chrm/Air       ####......   1%          3    None
g - Agony                 Necr           ######..     1%          5    ###....
i - Invisibility          Hex            ######..     3%          6    #####..
k - Blink                 Tloc           N/A          2%          2    None
r - Repel Missiles        Chrm/Air       ####..       1%          2    None
z - Animate Dead          Necr           N/A          1%          4    None
H - Haste                 Chrm           #####...     50%         6    #####..


Dungeon Overview and Level Annotations

Branches:
Dungeon (15/15)            Temple (0/1) D:4             Orc (4/4) D:11
   Lair (8/8) D:8           Swamp (5/5) Lair:3        Snake (1/5) Lair:5
  Slime (0/6) Lair:8       Vaults (1/5) D:13
    Elf: Orc:3-4     Depths: D:15

Altars:
Ashenzari
Dithmenos
Elyvilon
Fedhas
Gozag
Kikubaaqudgha
Nemelex Xobeh
Okawaru
Qazlal
Ru
Vehumet
Xom
Yredelemnul
The Shining One
Jiyva

Shops:
D:5 :   D:6 %(   D:7 (   D:9 }   Orc:1 (   Orc:3 (*%*   Orc:4 }%:%}
Vaults:1 :

Portals:
Trove: D:11 (give 17 potions of curing)


Innate Abilities, Weirdness & Mutations

You can bottle blood from corpses.
You have razor-sharp teeth.
You have supernaturally acute eyesight.
You can survive without breathing.
You are partially covered in yellow scales (AC +2).
You are resistant to hostile enchantments.


Message History

You perforate the vault guard like a sieve!!!
You kill the vault guard!
Kikubaaqudgha accepts your kill.
Casting: Confuse
Confirm with . or Enter, or press ? or * to list all spells.
Aiming: Confuse
Press: ? - help, Shift-Dir - straight line, f - vault warden
Aim: a vault warden, wielding a runed bardiche and wearing a chain mail (severely wounded)
The vault warden appears confused.
You are too injured to fight recklessly!
You are too injured to fight recklessly!
You are too injured to fight recklessly!
You are too injured to fight recklessly!
The runic seal fades away.
You hit the vault warden.
The vault warden writhes in agony.
You bite the vault warden.
The vault warden is severely wounded.
The vault warden hits you with a runed bardiche!!!
You die...
Kikubaaqudgha rasps: "You have failed me!
Welcome... oblivion!"

#####################
#....).##...........##
#.[....##...ZZ.%....##
############......###'###########
...#ZZ#....#......##..Z........##
....ZZZ....#......##...........##
...#Z.#ZZZ.#....@p####'##########
..##ZZ##...+......##...Z.......##
.##ZZZZ##.##.)....##.....ZZ.[..##
....Z......##################Z###
.Z.........# #...........##
Z##...%##.## #...........##
..##..##...# #######'###'##
...#..#....# #......##
.ZZ........# #...Z..#


You could see a vault warden (confused).

Vanquished Creatures
  2 thorn hunters
  Agnes (Swamp:5)
  Frances (D:14)
  Donald (Swamp:5)
  A deep elf sorcerer (Vaults:1)
  Gastronok (Lair:2)
  A very ugly thing (Swamp:5)
  Snorg (Lair:8)
  A vault guard (Vaults:1)
  A minotaur (Lab)
  11 hydras
  Fannar (D:11)
  3 ironheart preservers (Vaults:1)
  Nessos (D:11)
  4 ice dragons
  A deep troll earth mage (Vaults:1)
  Erica (Lair:5)
  8 alligators
  2 ogre magi (Vaults:1)
  3 centaur warriors
  16 death yaks
  4 tengu warriors
  A deep troll shaman (Vaults:1)
  A shock serpent (Snake:1)
  A fire crab (Lair:5)
  2 catoblepae (Lair:8)
  3 shadow wraiths
  5 spriggan druids (Swamp:4)
  An unseen horror (D:13)
  3 spectral hydras (Swamp:3)
  3 deep trolls (Vaults:1)
  4 swamp dragons
  4 shambling mangroves
  An ironbrand convoker (Vaults:1)
  5 hill giants
  A phantasmal warrior (Swamp:3)
  A wolf spider (Vaults:1)
  An orc sorcerer (Orc:4)
  15 ugly things
  6 orc knights
  3 cyclopes
  2 red wasps
  A necromancer (D:13)
  3 griffons
  Maurice (D:11)
  12 elephants
  Joseph (D:7)
  3 gargoyles
  22 spiny frogs
  A black mamba (Lair:6)
  10 komodo dragons
  Psyche (D:8)
  4 fire drakes
  3 deep elf priests (Vaults:1)
  6 swamp worm zombies (Swamp:3)
  The ghost of Svalbardcaretaker the Conjurer, an experienced OpIE of Ashenzari (D:5)
  A yaktaur (Vaults:1)
  9 baby alligators
  4 freezing wraiths
  A troll (D:12)
  3 wandering mushrooms (Lair:5)
  Sonja (Orc:4)
  5 giant leeches
  3 two-headed ogres
  12 bog bodies (Swamp:3)
  20 ravens
  A stone giant simulacrum (Vaults:1)
  A large abomination (Swamp:3)
  A spectral swamp dragon (Swamp:3)
  2 alligator zombies (Swamp:3)
  11 blink frogs
  3 boulder beetles
  56 slime creatures
  A hog (Volcano)
  8 basilisks
  3 wraiths
  37 yaks
  A hill giant zombie (D:14)
  2 shadows
  6 deep elf magi
  2 giant leech zombies (Swamp:3)
  2 spriggans (Swamp:5)
  9 wolves
  A wyvern (D:15)
  11 hippogriffs
  A hungry ghost (D:7)
  4 swamp worm simulacra (Swamp:5)
  4 deep elf fighters
  16 vampire mosquitoes
  A warg (Orc:4)
  A raven zombie (Swamp:1)
  16 water moccasins
  3 mottled dragons
  36 swamp worms
  A water moccasin (shapeshifter) (Vaults:1)
  10 porcupines
  15 hydra simulacra (Swamp:5)
  A tengu skeleton (D:13)
  A manticore zombie (D:13)
  2 black bears
  4 yellow wasps
  11 ogres
  36 orc warriors
  5 ice beasts
  6 sky beasts
  7 swamp drakes
  5 necrophages
  2 phantoms
  15 centaurs
  14 crocodiles
  Duvessa (D:8)
  9 big kobolds
  A brain worm (Lair:8)
  Blork the orc (D:8)
  A gnoll sergeant (D:9)
  25 insubstantial wisps
  14 giant frogs
  7 scorpions
  3 spriggan zombies (Swamp:3)
  3 troll zombies (Swamp:3)
  A yak skeleton (D:11)
  21 killer bees
  13 wights
  A troll skeleton (D:7)
  3 goliath beetles
  2 centaur zombies
  Dowan (D:8)
  4 quasits
  3 crimson imps
  7 iguanas
  4 jellies
  A human zombie (Ossuary)
  A centaur skeleton (D:11)
  An elf zombie (D:14)
  17 orc priests
  10 hounds
  9 worker ants
  15 orc wizards
  A boulder beetle simulacrum (Vaults:1)
  6 orange rats (Lair:1)
  4 sheep
  2 big kobold zombies
  2 hound zombies
  A hound skeleton (D:5)
  4 mummies (Ossuary)
  10 gnolls
  21 adders
  50 green rats
  5 giant mites
  3 shadow imps
  3 swamp drake simulacra (Swamp:5)
  A white imp (Vaults:1)
  8 worms
  2 adder zombies
  122 orcs
  A bat skeleton (D:4)
  6 giant cockroaches
  2 gnoll zombies
  21 goblins
  14 hobgoblins
  6 jackals
  42 kobolds
  14 quokkas
  A ball python (D:3)
  15 bats
  7 giant geckos
  A giant spore (D:9)
  A goblin zombie (Ossuary)
  3 hobgoblin zombies
  A jackal zombie (Ossuary)
  A kobold zombie (Ossuary)
  An orc skeleton (D:10)
  2 orc zombies
  A quokka zombie (D:7)
  24 rats
  A rat skeleton (D:7)
  A rat zombie (Ossuary)
  14 ballistomycetes
  2 butterflies (D:4)
1238 creatures vanquished.

Vanquished Creatures (collateral kills)
  A thorn hunter (Swamp:3)
  Jorgrun (Swamp:5)
  2 hydras
  2 alligators
  11 death yaks
  A catoblepas (Lair:8)
  A death drake (Swamp:3)
  2 red wasps
  A deep troll (Vaults:1)
  A necromancer (Swamp:3)
  A deep elf conjurer (Vaults:1)
  4 ugly things
  4 elephants (Lair:8)
  A spiny frog (Lair:8)
  2 trolls (shapeshifter)
  A bog body (Swamp:3)
  A raven (Swamp:4)
  A freezing wraith (Swamp:5)
  11 slime creatures
  A baby alligator (Swamp:1)
  2 spectral swamp dragons (Swamp:3)
  A blink frog (Lair:8)
  A basilisk (Lair:5)
  A griffon skeleton (D:12)
  A wraith (D:13)
  14 yaks
  A fire bat (Volcano)
  2 wyverns
  A hungry ghost (D:11)
  A hippogriff (D:12)
  6 wolves
  5 vampire mosquitoes
  2 swamp worms
  A deep elf fighter (Vaults:1)
  5 water moccasins
  A hydra simulacrum (Swamp:5)
  2 porcupines
  2 orc warriors
  A yellow wasp (Swamp:5)
  3 necrophages (Swamp:2)
  A swamp drake (Swamp:5)
  A crocodile (Lair:2)
  A boring beetle (Lair:8)
  A gnoll sergeant (D:12)
  6 giant frogs
  2 insubstantial wisps
  A killer bee (D:11)
  A wight (D:12)
  An orc wizard (D:14)
  2 iguanas
  A sheep (Lair:8)
  A gnoll (D:12)
  9 green rats
  3 adders
  A swamp drake simulacrum (Swamp:5)
  6 orcs
  A quokka (Lair:5)
  4 rats (Lair:1)
  3 plants
149 creatures vanquished.

Vanquished Creatures (others)
  A very ugly thing zombie (Swamp:5)
  A hydra (Swamp:5)
  An alligator (Swamp:5)
  6 ugly thing zombies
  A deep dwarf zombie (Swamp:5)
  12 death yak zombies
  3 swamp worm zombies (Swamp:3)
  A death yak skeleton (Lair:8)
  2 hydra zombies (Swamp:3)
  A death drake zombie (Swamp:3)
  A baby alligator (Swamp:5)
  2 alligator zombies
  A catoblepas skeleton (Lair:8)
  3 giant leech zombies
  2 raven zombies (Swamp:4)
  7 spiny frog zombies
  2 baby alligator zombies (Swamp:4)
  3 water moccasins (Swamp:5)
  A deep troll skeleton (Vaults:1)
  A spiny frog skeleton (Swamp:5)
  A boggart (Vaults:1)
  5 elephant zombies (Lair:8)
  A blink frog zombie (Lair:8)
  A hog zombie (Volcano)
  An elephant skeleton (Lair:5)
  2 vampire mosquito zombies
  A fire drake zombie (Volcano)
  2 troll zombies
  A water moccasin zombie (Lair:8)
  10 yak zombies
  2 boulder beetle zombies
  2 water moccasin skeletons
  4 wolf zombies (Lair:8)
  A boring beetle zombie (Lair:8)
  2 yellow wasp zombies (Swamp:5)
  2 centaur zombies
  An elf zombie (Volcano)
  A bog body skeleton (Swamp:3)
  A human skeleton (Swamp:4)
  7 killer bee zombies
  A brain worm zombie (Lair:8)
  5 crocodile zombies
  A crocodile skeleton (Swamp:4)
  A worker ant zombie (D:13)
  A swamp drake zombie (Swamp:5)
  24 orc zombies
  A goliath beetle zombie (D:11)
  An iguana zombie (Lair:3)
  A sheep skeleton (Lair:8)
  7 green rat zombies
  3 giant spores (D:11)
  4 gnoll zombies
  A kobold (D:9)
  An orc skeleton (Orc:4)
  A quokka skeleton (Lair:5)
  A briar patch (Swamp:4)
  2 bushes (D:14)
  6 fungi
  8 plants
170 creatures vanquished.

Grand Total: 1557 creatures vanquished

Notes
Turn   | Place    | Note
--------------------------------------------------------------
     0 | D:1      | vogonpoet, the Vampire Enchanter, began the quest for the Orb.
     0 | D:1      | Reached XP level 1. HP: 13/13 MP: 3/3
    67 | D:1      | Reached skill level 5 in Stealth
   233 | D:1      | Reached XP level 2. HP: 17/19 MP: 4/4
   237 | D:1      | Learned a level 2 spell: Ensorcelled Hibernation
   956 | D:2      | Reached XP level 3. HP: 24/24 MP: 6/6
  1127 | D:2      | Learned a level 3 spell: Confuse
  1703 | D:2      | Reached XP level 4. HP: 3/30 MP: 2/7
  2214 | D:3      | Found an ancient bone altar of Kikubaaqudgha.
  2231 | D:3      | Became a worshipper of Kikubaaqudgha
  2446 | D:3      | Reached skill level 5 in Hexes
  2549 | D:3      | Found a radiant altar of Vehumet.
  2694 | D:3      | Found a shattered altar of Ashenzari.
  2697 | D:3      | Found a stormy altar of Qazlal.
  2700 | D:3      | Found an opulent altar of Gozag.
  3086 | D:4      | Found a staircase to the Ecumenical Temple.
  3119 | D:4      | Found a blossoming altar of Fedhas.
  3331 | D:4      | Got a shimmering dagger
  3451 | D:4      | Identified the +5 dagger "Natraom" {pierce, Stlth+} (You found it on level 4 of the Dungeon)
  3569 | D:5      | Entered Level 5 of the Dungeon
  3630 | D:5      | Reached skill level 6 in Hexes
  3630 | D:5      | Reached XP level 5. HP: 35/35 MP: 6/9
  3738 | D:5      | Noticed a necrophage
  3818 | D:5      | Killed a necrophage
  3818 | D:5      | Reached skill level 7 in Hexes
  3897 | D:5      | Reached XP level 6. HP: 31/41 MP: 10/10
  4030 | D:5      | Noticed Svalbardcaretaker's ghost (experienced OpIE)
  4040 | D:5      | Killed Svalbardcaretaker's ghost
  4040 | D:5      | Reached XP level 7. HP: 46/46 MP: 7/12
  4165 | D:5      | Found Exkefupt's Book Boutique.
  4292 | D:5      | Acquired Kikubaaqudgha's first power
  4292 | D:5      | Received a gift from Kikubaaqudgha
  4293 | D:5      | Identified Kikubaaqudgha's Catalogue of Stolen Souls (Kikubaaqudgha gifted it to you on level 5 of the Dungeon)
  4725 | D:6      | Gained mutation: You are resistant to hostile enchantments. [mutagenic glow]
  4751 | D:6      | Found a glowing drain.
  4772 | Sewer    | Entered a sewer
  4884 | Sewer    | Found a glowing silver altar of Zin.
  4966 | D:6      | Reached skill level 8 in Short Blades
  4992 | D:6      | Found Cryas' Weapon Shoppe.
  5074 | D:6      | Reached XP level 8. HP: 39/52 MP: 11/13
  5088 | D:6      | Reached skill level 9 in Short Blades
  5335 | D:6      | Found a sparkling altar of Nemelex Xobeh.
  5345 | D:6      | Acquired Kikubaaqudgha's second power
  5351 | D:6      | Found a sand-covered staircase.
  5360 | Ossuary  | Entered an ossuary
  5489 | Ossuary  | Reached skill level 10 in Short Blades
  5674 | D:6      | Found Datym Duwe's Food Shoppe.
  6510 | D:7      | Noticed Joseph
  6514 | D:7      | Killed Joseph
  6514 | D:7      | Reached skill level 10 in Stealth
  6514 | D:7      | Reached XP level 9. HP: 57/57 MP: 12/14
  6632 | D:7      | Found Shreav's Antique Weapon Emporium.
  6663 | D:7      | Found a white marble altar of Elyvilon.
  6663 | D:7      | Found a glowing golden altar of the Shining One.
  6663 | D:7      | Found a sacrificial altar of Ru.
  6800 | D:7      | Reached skill level 11 in Stealth
  7246 | D:8      | Reached skill level 12 in Stealth
  7336 | D:8      | Noticed Blork the orc
  7340 | D:8      | Killed Blork the orc
  7340 | D:8      | Reached skill level 5 in Dodging
  7370 | D:8      | Got a steaming morningstar
  7713 | D:8      | Found a shadowy altar of Dithmenos.
  7716 | D:8      | Noticed Psyche
  7722 | D:8      | Killed Psyche
  7820 | D:8      | Noticed Dowan
  7839 | D:8      | Killed Dowan
  7839 | D:8      | Received a gift from Kikubaaqudgha
  7840 | D:8      | Identified Kikubaaqudgha's Handbook of Darkness (Kikubaaqudgha gifted it to you on level 8 of the Dungeon)
  7858 | D:8      | Found a staircase to the Lair.
  7858 | D:8      | Noticed a fire drake
  7997 | D:8      | Noticed Duvessa
  8007 | D:8      | Killed Duvessa
  8099 | D:8      | Reached XP level 10. HP: 63/63 MP: 16/16
  8463 | D:8      | Found a basalt altar of Yredelemnul.
  8557 | D:8      | Killed a fire drake
  9037 | D:9      | Found an iron altar of Okawaru.
  9447 | D:9      | Reached skill level 10 in Dodging
  9476 | D:9      | Acquired Kikubaaqudgha's third power
 10022 | D:9      | Found a shimmering altar of Xom.
 10022 | D:9      | Found a shimmering altar of Xom.
 10023 | D:9      | Found a shimmering altar of Xom.
 10057 | D:9      | Found Halueg's Gadget Emporium.
 10121 | D:9      | Learned a level 3 spell: Dazzling Spray
 10155 | D:9      | Found a shimmering altar of Xom.
 10169 | D:9      | Found a shimmering altar of Xom.
 10302 | D:9      | Noticed a three-headed hydra
 10842 | D:9      | Killed a one-headed hydra
 10844 | D:9      | Identified the +9 morningstar of Mnest {vamp, Dex+1} (You found it on level 8 of the Dungeon)
 11023 | D:10     | Entered Level 10 of the Dungeon
 11298 | D:10     | Reached XP level 11. HP: 68/68 MP: 22/25
 11516 | D:10     | Learned a level 4 spell: Enslavement
 12079 | D:10     | Learned a level 4 spell: Animate Dead
 12117 | D:10     | Reached XP level 12. HP: 63/74 MP: 23/26
 12231 | D:11     | Noticed Maurice
 12249 | D:11     | Killed Maurice
 12249 | D:11     | Reached skill level 10 in Hexes
 12382 | Lair:1   | Entered Level 1 of the Lair of Beasts
 12586 | Lair:1   | Acquired Kikubaaqudgha's fourth power
 13065 | Lair:1   | Reached skill level 13 in Hexes
 13423 | Lair:2   | Identified a scroll of acquirement
 13424 | Lair:2   | Got a pair of faintly glowing gloves
 13435 | Lair:2   | Identified the +2 pair of gloves of Divine Compulsion {Str-1 Dex+4} (You acquired it on level 2 of the Lair of Beasts)
 13492 | Lair:2   | Found a labyrinth entrance.
 13509 | Lab      | Entered a labyrinth
 14055 | Lab      | Noticed a minotaur
 14059 | Lab      | Killed a minotaur
 14408 | Lair:2   | Noticed Gastronok
 14544 | Lair:2   | Reached skill level 5 in Fighting
 14719 | Lair:2   | Killed Gastronok
 15171 | Lair:3   | Reached XP level 13. HP: 95/95 MP: 27/27
 15191 | Lair:3   | Found a staircase to the Swamp.
 15349 | Lair:3   | Found a shattered altar of Ashenzari.
 16000 | Lair:1   | Learned a level 5 spell: Agony
 16006 | Lair:1   | Learned a level 2 spell: Blink
 16109 | Lair:4   | Found a dark tunnel.
 16139 | Volcano  | Entered a volcano
 18233 | Lair:4   | Reached skill level 10 in Necromancy
 18317 | Lair:5   | Got a pitted leather armour
 18374 | Lair:5   | Reached skill level 1 in Translocations
 18490 | Lair:5   | Found a staircase to the Snake Pit.
 19096 | Lair:5   | Noticed Erica
 19110 | Lair:5   | Killed Erica
 19149 | Lair:5   | Identified the cursed -4 leather armour of the Meadowlark {rElec rF++ MR++} (You found it on level 5 of the Lair of Beasts)
 19369 | Lair:6   | Got a twisted ring mail
 19670 | Lair:6   | Found a stormy altar of Qazlal.
 21083 | Lair:6   | Gained mutation: You are partially covered in yellow scales (AC +2). [potion of beneficial mutation]
 21144 | Lair:7   | Reached XP level 14. HP: 106/106 MP: 28/28
 21351 | Lair:8   | Entered Level 8 of the Lair of Beasts
 21351 | Lair:8   | Found a viscous altar of Jiyva.
 21351 | Lair:8   | Found a staircase to the Slime Pits.
 21468 | Lair:8   | Reached skill level 14 in Dodging
 21811 | Lair:8   | Identified the Almanac of the Gliding Frostbite
 21869 | Lair:8   | Reached skill level 1 in Ice Magic
 21958 | Lair:8   | Noticed Snorg
 21966 | Lair:8   | Killed Snorg
 22206 | Lair:8   | Your ally Snorg died
 22248 | Lair:8   | Reached skill level 5 in Ice Magic
 25047 | D:11     | Noticed Nessos
 25068 | D:11     | Killed Nessos
 25406 | D:3      | Identified a +7 quick blade of pain (a +5 quick blade bloodied by Kikubaaqudgha)
 25891 | D:11     | Found a staircase to the Orcish Mines.
 25926 | D:11     | Learned a level 3 spell: Ozocubu's Armour
 26731 | D:11     | Noticed Fannar
 26740 | D:11     | Killed Fannar
 26981 | D:11     | Found a portal to a secret trove of treasure.
 27532 | D:12     | Reached XP level 15. HP: 56/112 MP: 31/31
 27865 | D:12     | Identified Toyrin's Incunabulum of Damage Dealing
 28296 | Lair:1   | Identified the +4 ring mail "Xiyxi Cre" {rC+ rN+} (You found it on level 6 of the Lair of Beasts)
 28400 | Orc:1    | Entered Level 1 of the Orcish Mines
 28809 | Orc:1    | Found Twiammau's Weapon Boutique.
 29030 | Orc:3    | Found Bamuntel's Antique Weapon Shop.
 29030 | Orc:3    | Found Dufon's General Store.
 29031 | Orc:3    | Found Mnip's Food Shoppe.
 29106 | Orc:3    | Found Lanuug's Assorted Antiques.
 29120 | Orc:3    | Bought a scroll of teleportation for 39 gold pieces
 29120 | Orc:3    | Bought a scroll of magic mapping for 45 gold pieces
 29120 | Orc:3    | Bought a scroll of torment for 97 gold pieces
 29278 | Orc:3    | Bought a potion of curing for 60 gold pieces
 29278 | Orc:3    | Bought a scroll of fog for 60 gold pieces
 29613 | Orc:4    | Entered Level 4 of the Orcish Mines
 29613 | Orc:4    | Noticed Sonja
 29615 | Orc:4    | Killed Sonja
 29696 | Orc:4    | Found Qunopeec's Gadget Emporium.
 30201 | Lair:1   | Learned a level 2 spell: Repel Missiles
 30546 | Orc:4    | Reached skill level 1 in Charms
 30627 | Orc:4    | Found Ackoing's Book Shoppe.
 30627 | Orc:4    | Found Ynoacs' Food Shop.
 30959 | Orc:4    | Found Adaeki's Gadget Boutique.
 30961 | Orc:4    | Found Uhuxkaq's Food Emporium.
 30976 | Orc:4    | Bought a wand of teleportation (7) for 429 gold pieces
 30980 | Orc:4    | Bought a book of Wizardry for 420 gold pieces
 31678 | D:13     | Reached skill level 5 in Charms
 31847 | D:13     | Reached skill level 1 in Shields
 32071 | D:13     | Found a gate to the Vaults.
 32523 | D:14     | Noticed Frances
 32611 | D:14     | Killed Frances
 33556 | D:15     | Entered Level 15 of the Dungeon
 33998 | D:15     | Reached skill level 15 in Stealth
 34358 | Snake:1  | Entered Level 1 of the Snake Pit
 34503 | Swamp:1  | Entered Level 1 of the Swamp
 35166 | Swamp:1  | Got a faintly glowing hand axe
 35729 | Swamp:2  | Got a fine scale mail
 36000 | Swamp:2  | Reached skill level 10 in Spellcasting
 36021 | Swamp:2  | Reached XP level 16. HP: 119/119 MP: 24/33
 36857 | Swamp:3  | Identified the +10 hand axe "Giximmis" {vamp, rElec Int+3} (You found it on level 1 of the Swamp)
 36868 | Swamp:3  | Identified the +4 scale mail "Chebbyff" {rPois MR++} (You found it on level 2 of the Swamp)
 43113 | Swamp:4  | Learned a level 6 spell: Invisibility
 43784 | Lair:3   | Learned a level 3 spell: Flight
 44971 | Swamp:5  | Entered Level 5 of the Swamp
 44971 | Swamp:5  | Noticed Donald
 44981 | Swamp:5  | Killed Donald
 44990 | Swamp:5  | Noticed Agnes
 45004 | Swamp:5  | Killed Agnes
 47814 | Swamp:5  | Noticed Jorgrun
 47834 | Swamp:5  | Killed Jorgrun
 47861 | Swamp:5  | Your ally Jorgrun died
 47888 | Swamp:5  | Reached XP level 17. HP: 73/124 MP: 15/36
 49327 | Swamp:5  | Reached skill level 1 in Air Magic
 49739 | Swamp:5  | Got a decaying rune of Zot
 50287 | Vaults:1 | Entered Level 1 of the Vaults
 51326 | Vaults:1 | Found Bighuheur's Book Boutique.
 51558 | Vaults:1 | Learned a level 6 spell: Haste
 51698 | Vaults:1 | HP: 6/124 [vault warden/runed bardiche (33)]
 51715 | Vaults:1 | Mangled by a vault warden

Action                   |  1- 3 |  4- 6 |  7- 9 | 10-12 | 13-15 | 16-18 || total
-------------------------+-------+-------+-------+-------+-------+-------++-------
Melee: Dagger            |   100 |    82 |   231 |   490 |   535 |       ||  1438
       Hand axe          |       |       |       |     7 |       |       ||     7
       Scimitar          |       |       |       |       |     2 |     9 ||    11
       Quick blade       |       |       |       |       |  1209 |  1019 ||  2228
 Fire: Blowgun           |       |       |       |       |     2 |       ||     2
Throw: Stone             |       |       |     1 |    17 |       |       ||    18
 Cast: Ensorcelled Hiber |    19 |    22 |    31 |    93 |   166 |   131 ||   462
       Confuse           |     1 |     4 |    31 |    39 |   105 |   161 ||   341
       Dazzling Spray    |       |       |       |    18 |    74 |    46 ||   138
       Animate Dead      |       |       |       |    11 |    65 |    39 ||   115
       Agony             |       |       |       |       |    33 |    28 ||    61
       Blink             |       |       |       |       |     5 |       ||     5
       Ozocubu's Armour  |       |       |       |       |    25 |     3 ||    28
       Repel Missiles    |       |       |       |       |     8 |     2 ||    10
       Enslavement       |       |       |       |       |     5 |       ||     5
       Flight            |       |       |       |       |       |    21 ||    21
       Invisibility      |       |       |       |       |       |     8 ||     8
Invok: Receive Corpses   |       |       |       |       |     2 |     6 ||     8
 Abil: Bottle Blood      |       |     1 |     9 |    22 |    51 |    26 ||   109
       End Transformatio |       |       |       |     2 |     1 |       ||     3
       Bat Form          |       |       |       |     2 |     1 |       ||     3
       Evoke Teleport Co |       |       |       |       |       |     1 ||     1
Evoke: Wand              |       |       |       |     2 |     2 |     7 ||    11
  Use: Potion            |     1 |       |     3 |    13 |    31 |    22 ||    70
       Scroll            |       |     4 |    10 |    12 |    22 |    10 ||    58
 Stab: Sleeping          |    17 |    23 |    51 |    82 |   147 |   100 ||   420
       Confused          |     1 |     4 |    14 |    19 |    49 |    67 ||   154
       Distracted        |       |     1 |     1 |     8 |     9 |     5 ||    24
       Invisible         |       |       |       |     5 |    17 |    45 ||    67
  Eat: Corpse            |     2 |     4 |     4 |     3 |     1 |    10 ||    24
